 Dungeon Crawl Stone Soup version 0.22.1-2-g9c5b331383 (webtiles) character file.

9653 LLavrengius the Nimble (level 11, -4/169 HPs)
             Began as a Troll Berserker on Nov 14, 2018.
             Was a High Priest of Trog.
             Slain by a troll (15 damage)
             ... on level 10 of the Dungeon on Nov 15, 2018.
             The game lasted 00:38:52 (8712 turns).

LLavrengius the Nimble (Troll Berserker)            Turns: 8712, Time: 00:38:54

Health: -4/169     AC:  9    Str: 32    XL:     11   Next: 25%
Magic:  10/10      EV: 12    Int:  6    God:    Trog [*****.]
Gold:   536        SH:  0    Dex:  9    Spells: 10/10 levels left

rFire    + + .     SeeInvis .   D - +9 trident of Uguynef {flame, rPois rF++ rC+}
rCold    + + .     Gourm    +   (no shield)
rNeg     . . .     Faith    .   Q - +2 robe {MR+}
rPois    +         Spirit   .   (helmet restricted)
rElec    .         Reflect  .   l - +0 cloak {rPois}
rCorr    .         Harm     .   (gloves unavailable)
MR       +....                  (boots unavailable)
Stlth    ..........             r - amulet of magic regeneration
HPRegen  0.78/turn              d - +1 ring of protection
MPRegen  0.37/turn              E - ring of protection from cold

@: berserking, heavily drained, very quick
A: large, unfitting armour, claws 3, fast metabolism 3, gourmand, regeneration
1, shaggy fur 1, tough skin 2
a: Berserk, Trog's Hand, Brothers in Arms, Renounce Religion


You were on level 10 of the Dungeon.
You worshipped Trog.
Trog was extremely pleased with you.
You were very full.

You visited 1 branch of the dungeon, and saw 11 of its levels.

You collected 536 gold pieces.

Inventory:

Hand Weapons
 a - a +0 mace
 i - a +0 hunting sling
 w - a +1 morningstar of holy wrath
 B - a +0 giant spiked club
 D - the +9 trident of Uguynef (weapon) {flame, rPois rF++ rC+}
   (You found it on level 5 of the Dungeon)

   It has been specially enchanted to burn those struck by it, causing extra
   injury to most foes and up to half again as much damage against particularly
   susceptible opponents.
   It greatly protects you from fire.
   It protects you from cold.
   It protects you from poison.
 S - a +0 blowgun
 U - a +5 great mace of protection
Missiles
 q - 323 stones (quivered)
 N - 26 poisoned needles
 T - 6 curare-tipped needles
Armour
 b - a +0 animal skin
 l - a +0 cloak of poison resistance (worn)
 K - a +0 robe of fire resistance
 Q - a +2 robe of magic resistance (worn)
Jewellery
 d - a +1 ring of protection (left claw)
 r - an amulet of magic regeneration (around neck)
 s - an uncursed ring of flight
 E - a ring of protection from cold (right claw)
 V - an uncursed amulet of faith
Wands
 t - a wand of disintegration (18)
 v - a wand of iceblast (9)
 M - a wand of digging (22)
 P - a wand of acid (17)
Scrolls
 e - a scroll of immolation {unknown}
 f - a scroll of identify
 h - 3 scrolls of enchant armour {unknown}
 j - 5 scrolls of remove curse {unknown}
 m - 2 scrolls of magic mapping {unknown}
 n - 5 scrolls of teleportation {unknown}
 p - 2 scrolls of blinking {unknown}
 x - 2 scrolls of enchant weapon {unknown}
 y - a scroll of amnesia {unknown}
 A - 3 scrolls of fog {unknown}
 F - 3 scrolls of fear {unknown}
 G - a scroll of noise {unknown}
 H - a scroll of vulnerability {unknown}
Potions
 g - a potion of cancellation
 k - 2 potions of flight
 o - 3 potions of curing
 u - 2 potions of magic
 z - 2 potions of berserk rage
 C - a potion of brilliance
 I - 2 potions of lignification
 J - a potion of resistance
 L - a potion of agility
 R - a potion of degeneration {unknown}
Comestibles
 c - 18 rations


   Skills:
 + Level 8.5(6.3) Fighting
 - Level 6.1(4.1) Maces & Flails
 + Level 6.5(4.5) Polearms
 + Level 4.7(2.8) Throwing
 + Level 8.6(6.5) Dodging
 - Level 0.4(0.0) Stealth


You had 10 spell levels left.
You didn't know any spells.
Your spell library was empty.

Dungeon Overview and Level Annotations

Branches:
Dungeon (11/15)            Temple (0/1) D:6            Lair (0/6) D:11
    Orc: D:9-12

Altars:
Okawaru
Ru

Portals:
Trove: D:10 (give +3 shadow dragon scales)

Annotations:
D:11 Grum


Innate Abilities, Weirdness & Mutations

You are too large for most types of armour.
You have claws for hands.
Your metabolism is lightning-fast.
You like to eat raw meat.
Your natural rate of healing is unusually fast.
You are covered in fur. (AC +1)
You have very tough skin. (AC +2)


Message History

You feel yourself moving faster!
You feel mighty! The vampire mosquito bites you!
* * * LOW HITPOINT WARNING * * *
The vampire mosquito draws strength from your injuries!
The big kobold barely misses you. The vampire mosquito bites you.
* * * LOW HITPOINT WARNING * * *
The vampire mosquito draws strength from your injuries!
The troll bites you!
* * * LOW HITPOINT WARNING * * *
The troll closely misses you. The troll claws you!
* * * LOW HITPOINT WARNING * * *
Unknown command.
You puncture the big kobold! You burn the big kobold.
The big kobold is heavily wounded.
The vampire mosquito misses you.
The big kobold hits you but does no damage.
The troll bites you!
* * * LOW HITPOINT WARNING * * *
The troll claws you!
You die...

# ###........##### #...##......
######.......# ##.###.......
.........#...# #..#...#.....
#####..#.....# ######....###.....
#####.##.....###.......).........
...............<.##.#.(#####.....
...............###..##...........
......####....####(.....####.....
.##......#.....y@)..##.## #.....
#####.##.......KT#.###.# ###### #
#.####.........# #.### #
##.###..........###...##
##......#####......###..#
##...##### ##.....# ##.## #...##
#.....## #..## #..## #.#....#
##..# ##.## ###.##...# ##.##


You could see a troll, a vampire mosquito and a big kobold.

Vanquished Creatures
  Erica (D:9)
  2 manticores (D:11)
  Maurice (D:11)
  A gargoyle (D:6)
  Prince Ribbit (D:7)
  A hippogriff (D:9)
  2 wyverns
  Eustachio (D:4)
  A wraith (D:10)
  3 vampire mosquitoes
  Edmund (D:4)
  2 wargs (D:10)
  Duvessa (D:5)
  A water moccasin (D:10)
  3 orc warriors
  7 sky beasts
  5 ice beasts
  A black bear (D:7)
  A necrophage (D:6)
  2 phantoms
  6 ogres
  5 centaurs
  A crocodile (D:10)
  A big kobold (D:9)
  4 bullfrogs
  A gnoll sergeant (D:8)
  A water moccasin zombie (D:9)
  Dowan (D:5)
  A scorpion (D:7)
  5 killer bees (D:10)
  6 wights
  5 howler monkeys
  4 crimson imps
  2 bullfrog zombies
  2 quasits
  5 hounds
  3 orc priests
  Crazy Yiuf (D:2)
  A bullfrog skeleton (D:4)
  A centaur skeleton (D:4)
  A jelly (D:11)
  16 orc wizards
  A gnoll shaman (D:8)
  3 iguanas
  Natasha (D:2)
  7 worker ants
  2 hound skeletons
  3 worker ant zombies
  A howler monkey zombie (D:7)
  18 gnolls
  A howler monkey skeleton (D:5)
  16 adders
  3 shadow imps
  2 oozes
  An adder zombie (D:8)
  An adder skeleton (D:7)
  2 worms (D:3)
  3 dart slugs
  6 leopard geckos
  34 orcs
  4 giant cockroaches
  8 goblins
  12 hobgoblins
  8 jackals
  4 quokkas
  4 ball pythons
  5 bats
  6 frilled lizards
  A jackal skeleton (D:4)
  25 kobolds
  A leopard gecko skeleton (D:7)
  A leopard gecko zombie (D:7)
  3 rats
298 creatures vanquished.

Vanquished Creatures (collateral kills)
  A jelly (D:11)
1 creature vanquished.

Vanquished Creatures (others)
  A kobold (D:11)
1 creature vanquished.

Grand Total: 300 creatures vanquished

Notes
Turn   | Place    | Note
-------+----------+-------------------------------------------
     0 | D:1      | LLavrengius the Troll Berserker began the quest for the
                  | Orb.
     0 | D:1      | Reached XP level 1. HP: 22/22 MP: 0/0
   292 | D:1      | Reached XP level 2. HP: 29/29 MP: 1/1
   651 | D:2      | Reached XP level 3. HP: 36/36 MP: 2/2
   861 | D:2      | Reached ** piety under Trog
   943 | D:2      | Found a runed door.
   995 | D:2      | Noticed Crazy Yiuf
  1002 | D:2      | Killed Crazy Yiuf
  1002 | D:2      | Reached XP level 4. HP: 44/44 MP: 3/3
  1286 | D:2      | Noticed Natasha
  1296 | D:2      | Killed Natasha
  1659 | D:3      | Reached XP level 5. HP: 46/53 MP: 4/4
  2142 | D:3      | Reached XP level 6. HP: 13/61 MP: 5/5
  2487 | D:4      | Reached *** piety under Trog
  2539 | D:4      | Noticed Edmund
  2551 | D:4      | Killed Edmund
  2551 | D:4      | Reached skill level 5 in Maces & Flails
  2551 | D:4      | Reached XP level 7. HP: 70/70 MP: 6/6
  2604 | D:4      | Noticed Eustachio
  2614 | D:4      | Killed Eustachio
  2875 | D:5      | Entered Level 5 of the Dungeon
  3187 | D:5      | Noticed Dowan
  3189 | D:5      | Noticed Duvessa
  3215 | D:5      | Killed Duvessa
  3215 | D:5      | Reached skill level 5 in Dodging
  3215 | D:5      | Reached XP level 8. HP: 32/79 MP: 7/7
  3220 | D:5      | Killed Dowan
  3359 | D:5      | Reached skill level 5 in Fighting
  3547 | D:5      | Got a translucent trident
  3548 | D:5      | Identified the +9 trident of Uguynef {flame, rPois rF++
                  | rC+} (You found it on level 5 of the Dungeon)
  3889 | D:6      | Reached skill level 1 in Polearms
  4111 | D:6      | Noticed a gargoyle
  4128 | D:6      | Killed a gargoyle
  4128 | D:6      | Reached XP level 9. HP: 57/89 MP: 8/8
  4340 | D:6      | Reached **** piety under Trog
  4358 | D:6      | Found a staircase to the Ecumenical Temple.
  4630 | D:7      | Received a gift from Trog
  4678 | D:7      | Noticed Prince Ribbit
  4696 | D:7      | Killed Prince Ribbit
  5252 | D:7      | Reached ***** piety under Trog
  5498 | D:8      | Received a gift from Trog
  5900 | D:8      | Reached XP level 10. HP: 98/102 MP: 9/9
  5925 | D:8      | Reached skill level 1 in Throwing
  6087 | D:8      | Reached skill level 5 in Polearms
  6528 | D:9      | Found a sacrificial altar of Ru.
  6769 | D:9      | Found an iron altar of Okawaru.
  6856 | D:9      | Noticed Erica
  6867 | D:9      | Killed Erica
  7004 | D:10     | Entered Level 10 of the Dungeon
  7507 | D:10     | Found a portal to a secret trove of treasure.
  7636 | D:10     | Received a gift from Trog
  7968 | D:11     | Noticed Grum
  8032 | D:11     | Noticed a manticore
  8046 | D:11     | Killed a manticore
  8046 | D:11     | Reached XP level 11. HP: 24/111 MP: 10/10
  8060 | D:11     | HP: 3/111 [barbs]
  8547 | D:11     | Found a staircase to the Lair.
  8578 | D:11     | Noticed Maurice
  8589 | D:11     | Killed Maurice
  8712 | D:10     | Slain by a troll

Skill      XL: |  1  2  3  4  5  6  7  8  9 10 |
---------------+-------------------------------+-----
Maces & Flails | 3 4 5 6 |  6.1
Dodging        | 3 4 5 6 7 8 |  8.6
Fighting       | 3 4 6 7 8 |  8.5
Polearms       | 2 4 6 |  6.5
Throwing       | 4 |  4.7
Stealth        | |  0.4

Action                   |  1- 3 |  4- 6 |  7- 9 | 10-12 || total
-------------------------+-------+-------+-------+-------++-------
Melee: Mace              |    72 |   214 |     1 |       ||   287
       Dire flail        |       |       |   128 |       ||   128
       Trident           |       |       |   293 |   260 ||   553
       Great mace        |       |       |       |     8 ||     8
Invok: Berserk           |     2 |     3 |     6 |     8 ||    19
       Trog's Hand       |       |     1 |     2 |     2 ||     5
       Brothers in Arms  |       |       |       |     2 ||     2
  Use: Scroll            |       |       |       |     9 ||     9
 Stab: Sleeping          |     1 |       |       |     1 ||     2
  Eat: Chunk             |    16 |    18 |    40 |    35 ||   109
Armor: Animal skin       |    38 |    79 |   102 |       ||   219
       Robe              |       |       |    13 |    91 ||   104
Dodge: Dodged            |    38 |   130 |   199 |   174 ||   541
